AoeStats
← AlmiGhtY.-

Arena

504351779Analyzed
2v2 RM · 28d ago on Sep 5, 2026· 53m 24s· 4 players
Game mode
Random Map
Map size
Medium (4 player)
Population
200
Speed
Normal
Resources
Standard
Victory
Conquest
Starting age
Dark Age
Ending age
Imperial Age
RankedLock teamsTeams togetherTeam positionsShared explorationLock speedFull tech treeHidden civsTurbo modeCheats
Victory
Defeat
🇦🇷 Khmer · Argentina
959
+18
🇨🇱 Georgians · Chile
953
+18
🇧🇷 Khmer · Brazil
1009
-18
🇧🇷 Byzantines · Brazil
1009
-18
[LOPDA] NEO
11:46 Feudal Age
16:27 Castle Age
15:29 Double-Bit Axe
15:27 Horse Collar
16:38 Gold Mining
16:44 Stone Mining
19:39 Heavy Plow
20:15 Loom
24:04 Scale Barding Armor
27:50 Forging
29:41 Pikeman
31:11 Fletching
38:30 Imperial Age
37:14 Wheelbarrow
36:25 Town Watch
37:18 Bloodlines
37:11 Husbandry
38:48 Cavalier
40:19 Chain Barding Armor
41:06 Conscription
41:54 Plate Barding Armor
42:38 Iron Casting
42:00 Bodkin Arrow
43:26 Bow Saw
44:56 Blast Furnace
43:59 Padded Archer Armor
44:41 Crop Rotation
47:11 Hand Cart
46:57 Town Patrol
51:04 Chemistry
50:25 Ballistics
50:14 Bracer
AlmiGhtY.-
0:26 Loom
10:07 Feudal Age
10:35 Double-Bit Axe
17:28 Castle Age
15:56 Stone Mining
18:40 Bow Saw
19:34 Horse Collar
20:10 Gold Mining
25:27 Scale Barding Armor
26:29 Forging
27:19 Chain Barding Armor
31:40 Iron Casting
32:15 Ballistics
33:13 Wheelbarrow
32:25 Town Watch
32:19 Man-at-Arms
32:45 Gambesons
33:02 Squires
32:47 Arson
34:07 Heavy Plow
36:52 Imperial Age
34:25 Scale Mail Armor
34:38 Murder Holes
34:54 Masonry
35:01 Long Swordsman
35:21 Pikeman
36:09 Svan Towers
36:52 Elite Monaspa
36:58 Capped Ram
37:12 Two-Handed Swordsman
38:46 Plate Barding Armor
40:12 Blast Furnace
39:51 Onager
46:10 Chain Mail Armor
45:45 Fletching
46:33 Hoardings
46:20 Conscription
47:03 Aznauri Cavalry
50:44 Champion
53:36 Chemistry
Siri do Rio
12:04 Feudal Age
15:40 Castle Age
16:42 Double-Bit Axe
16:39 Horse Collar
18:20 Bow Saw
18:12 Heavy Plow
20:06 Loom
27:30 Imperial Age
28:15 Pikeman
35:42 Wheelbarrow
36:57 Forging
36:48 Scale Mail Armor
37:34 Squires
37:22 Gambesons
41:11 Two-Man Saw
40:46 Crop Rotation
40:37 Stone Mining
40:38 Gold Mining
42:59 Iron Casting
45:56 Chain Mail Armor
47:16 Plate Mail Armor
47:13 Halberdier
50:03 Chemistry
49:16 Fortified Wall
53:32 Wheelbarrow
XxCQCAxX
11:09 Feudal Age
14:01 Castle Age
12:20 Double-Bit Axe
12:35 Horse Collar
15:01 Bow Saw
14:54 Heavy Plow
17:36 Gold Mining
17:50 Light Cavalry
21:28 Gold Shaft Mining
23:53 Wheelbarrow
27:40 Imperial Age
25:38 Hand Cart
25:30 Loom
27:39 Stone Mining
29:23 Forging
29:18 Scale Barding Armor
31:42 Ballistics
32:30 Chemistry
33:21 Fortified Wall
34:10 Double Crossbow
33:34 Heavy Scorpion
35:30 Stone Shaft Mining
35:58 Bloodlines
36:30 Iron Casting
36:15 Chain Barding Armor
36:51 Chain Barding Armor
42:01 Blast Furnace
41:36 Plate Barding Armor
44:49 Pikeman
46:00 Scale Mail Armor
45:51 Fletching
45:33 Halberdier
46:57 Conscription
Connection lost

Rejoining the realm…

Still unreachable

The connection could not be restored.

Session expired

The server has moved on; the page needs a fresh start.